Workbook
Name Article: #REF!
Name CFAP: #REF!
Name Niveau_scolaire: #REF!
Name Priorité: #REF!
Name Programme: #REF!
Name Structure: #REF!
Name Tableau: #REF!
Name Titre_dépense: #REF!

Sheet Exp planification
A1: Costing Exercise
B2: Activity structure | C2: 2016 | D2: Q1 | E2: Q2 | F2: Q3 | G2: Q4 | H2: 2017 | I2: 2018 | J2: Total 2016-2018
A3: Program 1 Enhance implementation of NBSAP through participatory planning, knowledge management and capacity building | C3: =SUM(D3:G3) -> 85000 | D3: =D4 -> 10000 | E3: =E4 -> 20000 | F3: =F4 -> 15000 | G3: =G4 -> 40000 | H3: =H4 -> 520000 | I3: =I4 -> 20000 | J3: =C3+H3+I3 -> 625000
A4: Sub-program 1.1 By 2022, ecosystems that provide essential services and contribute to health, livelihoods and well-being are safeguarded, and restoration programmes have been initiated for degraded ecosystems covering at least 15 per cent of the priority areas | C4: =SUM(D4:G4) -> 85000 | D4: =D5 -> 10000 | E4: =E5 -> 20000 | F4: =F5 -> 15000 | G4: =G5 -> 40000 | H4: =H5 -> 520000 | I4: =I5 -> 20000 | J4: =C4+H4+I4 -> 625000
A5: Action 1.1.1 Foster the implementation of integrated water management plans, including restoration and protection of critical wetlands systems | C5: =SUM(D5:G5) -> 85000 | D5: =SUM(D6:D12) -> 10000 | E5: =SUM(E6:E12) -> 20000 | F5: =SUM(F6:F12) -> 15000 | G5: =SUM(G6:G12) -> 40000 | H5: =SUM(H6:H12) -> 520000 | I5: =SUM(I6:I12) -> 20000 | J5: =C5+H5+I5 -> 625000
B6: Activity3- conduct stalkholder workshop | C6: =SUM(D6:G6) -> 10000 | D6: 10000 | J6: =C6+H6+I6 -> 10000
B7: Activity2- developing guidelince to foster the plan | C7: =SUM(D7:G7) -> 20000 | E7: 20000 | J7: =C7+H7+I7 -> 20000
B8: Activity3- conduct awerness on guidelince and mannuals | C8: =SUM(D8:G8) -> 15000 | F8: 15000 | J8: =C8+H8+I8 -> 15000
B9: Activity4-strength mainistriming among stalkholders | C9: =SUM(D9:G9) -> 30000 | G9: 30000 | J9: =C9+H9+I9 -> 30000
B10: Activity5-implementation | C10: =SUM(D10:G10) -> 0 | H10: 500000 | J10: =C10+H10+I10 -> 500000
B11: Activity6-M&E | C11: =SUM(D11:G11) -> 10000 | G11: 10000 | H11: 20000 | I11: 20000 | J11: =C11+H11+I11 -> 50000
B12: Activity7 | C12: =SUM(D12:G12) -> 0 | J12: =C12+H12+I12 -> 0

Sheet Costs by categories
A2: Sub-division of costs by categories
B3: 2016 | G3: 2017 | L3: 2018
A4: Categories of expenses | B4: Salary | C4: Operating Exp | D4: Investment | E4: Total | F4: Validation | G4: Salary | H4: Operating Exp | I4: Investment | J4: Total | K4: Validation | L4: Salary | M4: Operating Exp | N4: Investment | O4: Total | P4: Validation
A5: Sum by Expenses | B5: =B6 -> 38000 | C5: =C6 -> 47000 | D5: =D6 -> 0 | E5: =E6 -> 85000 | G5: =G6 -> 65000 | H5: =H6 -> 55000 | I5: =I6 -> 400000 | J5: =J6 -> 520000 | L5: =L6 -> 15000 | M5: =M6 -> 5000 | N5: =N6 -> 0 | O5: =O6 -> 20000
A6: ='Exp planification'!A3 -> Program 1 Enhance implementation of NBSAP through participatory planning, knowledge management and capacity building | B6: =B7 -> 38000 | C6: =C7 -> 47000 | D6: =D7 -> 0 | E6: ='Exp planification'!C3 -> 85000 | F6: =IF((B6+C6+D6)=0,0,E6-SUM(B6:D6)) -> 0 | G6: =G7 -> 65000 | H6: =H7 -> 55000 | I6: =I7 -> 400000 | J6: ='Exp planification'!H3 -> 520000 | K6: =IF((G6+H6+I6)=0,0,J6-SUM(G6:I6)) -> 0 | L6: =L7 -> 15000 | M6: =M7 -> 5000 | N6: =N7 -> 0 | O6: ='Exp planification'!I3 -> 20000 | P6: =IF((L6+M6+N6)=0,0,O6-SUM(L6:N6)) -> 0
A7: ='Exp planification'!A4 -> Sub-program 1.1 By 2022, ecosystems that provide essential services and contribute to health, livelihoods and well-being are safeguarded, and restoration programmes have been initiated for degraded ecosystems covering at least 15 per cent of the priority areas | B7: =B8 -> 38000 | C7: =C8 -> 47000 | D7: =D8 -> 0 | E7: ='Exp planification'!C4 -> 85000 | F7: =IF((B7+C7+D7)=0,0,E7-SUM(B7:D7)) -> 0 | G7: =G8 -> 65000 | H7: =H8 -> 55000 | I7: =I8 -> 400000 | J7: ='Exp planification'!H4 -> 520000 | K7: =IF((G7+H7+I7)=0,0,J7-SUM(G7:I7)) -> 0 | L7: =L8 -> 15000 | M7: =M8 -> 5000 | N7: =N8 -> 0 | O7: ='Exp planification'!I4 -> 20000 | P7: =IF((L7+M7+N7)=0,0,O7-SUM(L7:N7)) -> 0
A8: ='Exp planification'!A5 -> Action 1.1.1 Foster the implementation of integrated water management plans, including restoration and protection of critical wetlands systems | B8: =SUM(B9:B15) -> 38000 | C8: =SUM(C9:C15) -> 47000 | D8: =SUM(D9:D15) -> 0 | E8: ='Exp planification'!C5 -> 85000 | F8: =IF((B8+C8+D8)=0,0,E8-SUM(B8:D8)) -> 0 | G8: =SUM(G9:G15) -> 65000 | H8: =SUM(H9:H15) -> 55000 | I8: =SUM(I9:I15) -> 400000 | J8: ='Exp planification'!H5 -> 520000 | K8: =IF((G8+H8+I8)=0,0,J8-SUM(G8:I8)) -> 0 | L8: =SUM(L9:L15) -> 15000 | M8: =SUM(M9:M15) -> 5000 | N8: =SUM(N9:N15) -> 0 | O8: ='Exp planification'!I5 -> 20000 | P8: =IF((L8+M8+N8)=0,0,O8-SUM(L8:N8)) -> 0
A9: ='Exp planification'!B6 -> Activity3- conduct stalkholder workshop | B9: 5000 | C9: 5000 | E9: ='Exp planification'!C6 -> 10000 | F9: =IF((B9+C9+D9)=0,0,E9-SUM(B9:D9)) -> 0 | J9: ='Exp planification'!H6 -> 0 | K9: =IF((G9+H9+I9)=0,0,J9-SUM(G9:I9)) -> 0 | O9: ='Exp planification'!I6 -> 0 | P9: =IF((L9+M9+N9)=0,0,O9-SUM(L9:N9)) -> 0
A10: ='Exp planification'!B7 -> Activity2- developing guidelince to foster the plan | B10: 10000 | C10: 10000 | E10: ='Exp planification'!C7 -> 20000 | F10: =IF((B10+C10+D10)=0,0,E10-SUM(B10:D10)) -> 0 | J10: ='Exp planification'!H7 -> 0 | K10: =IF((G10+H10+I10)=0,0,J10-SUM(G10:I10)) -> 0 | O10: ='Exp planification'!I7 -> 0 | P10: =IF((L10+M10+N10)=0,0,O10-SUM(L10:N10)) -> 0
A11: ='Exp planification'!B8 -> Activity3- conduct awerness on guidelince and mannuals | B11: 6000 | C11: 9000 | E11: ='Exp planification'!C8 -> 15000 | F11: =IF((B11+C11+D11)=0,0,E11-SUM(B11:D11)) -> 0 | J11: ='Exp planification'!H8 -> 0 | K11: =IF((G11+H11+I11)=0,0,J11-SUM(G11:I11)) -> 0 | O11: ='Exp planification'!I8 -> 0 | P11: =IF((L11+M11+N11)=0,0,O11-SUM(L11:N11)) -> 0
A12: ='Exp planification'!B9 -> Activity4-strength mainistriming among stalkholders | B12: 10000 | C12: 20000 | E12: ='Exp planification'!C9 -> 30000 | F12: =IF((B12+C12+D12)=0,0,E12-SUM(B12:D12)) -> 0 | J12: ='Exp planification'!H9 -> 0 | K12: =IF((G12+H12+I12)=0,0,J12-SUM(G12:I12)) -> 0 | O12: ='Exp planification'!I9 -> 0 | P12: =IF((L12+M12+N12)=0,0,O12-SUM(L12:N12)) -> 0
A13: ='Exp planification'!B10 -> Activity5-implementation | E13: ='Exp planification'!C10 -> 0 | F13: =IF((B13+C13+D13)=0,0,E13-SUM(B13:D13)) -> 0 | G13: 50000 | H13: 50000 | I13: 400000 | J13: ='Exp planification'!H10 -> 500000 | K13: =IF((G13+H13+I13)=0,0,J13-SUM(G13:I13)) -> 0 | O13: ='Exp planification'!I10 -> 0 | P13: =IF((L13+M13+N13)=0,0,O13-SUM(L13:N13)) -> 0
A14: ='Exp planification'!B11 -> Activity6-M&E | B14: 7000 | C14: 3000 | E14: ='Exp planification'!C11 -> 10000 | F14: =IF((B14+C14+D14)=0,0,E14-SUM(B14:D14)) -> 0 | G14: 15000 | H14: 5000 | J14: ='Exp planification'!H11 -> 20000 | K14: =IF((G14+H14+I14)=0,0,J14-SUM(G14:I14)) -> 0 | L14: 15000 | M14: 5000 | O14: ='Exp planification'!I11 -> 20000 | P14: =IF((L14+M14+N14)=0,0,O14-SUM(L14:N14)) -> 0
A15: ='Exp planification'!B12 -> Activity7 | E15: ='Exp planification'!C12 -> 0 | F15: =IF((B15+C15+D15)=0,0,E15-SUM(B15:D15)) -> 0 | J15: ='Exp planification'!H12 -> 0 | K15: =IF((G15+H15+I15)=0,0,J15-SUM(G15:I15)) -> 0 | O15: ='Exp planification'!I12 -> 0 | P15: =IF((L15+M15+N15)=0,0,O15-SUM(L15:N15)) -> 0

Sheet Chart
A1: 2 | B1: Expenses by categories from 2016-2018
B3: Expenses by categories
B4: Categories/years | C4: 2016 | D4: =C4+1 -> 2017 | E4: =D4+1 -> 2018 | F4: Total | G4: %
B5: Salary | C5: ='Costs by categories'!B5 -> 38000 | D5: ='Costs by categories'!G5 -> 65000 | E5: ='Costs by categories'!L5 -> 15000 | F5: =SUM(C5:E5) -> 118000 | G5: =F5/$F$8 -> 0.1888
B6: Operating Exp | C6: ='Costs by categories'!C5 -> 47000 | D6: ='Costs by categories'!H5 -> 55000 | E6: ='Costs by categories'!M5 -> 5000 | F6: =SUM(C6:E6) -> 107000 | G6: =F6/$F$8 -> 0.1712
B7: Investment | C7: ='Costs by categories'!D5 -> 0 | D7: ='Costs by categories'!I5 -> 400000 | E7: ='Costs by categories'!N5 -> 0 | F7: =SUM(C7:E7) -> 400000 | G7: =F7/$F$8 -> 0.64
B8: TOTAL expenses | C8: =SUM(C5:C7) -> 85000 | D8: =SUM(D5:D7) -> 520000 | E8: =SUM(E5:E7) -> 20000 | F8: =SUM(F5:F7) -> 625000 | G8: =F8/$F$8 -> 1
